 Dungeon Crawl Stone Soup version 0.29-a0-1043-g569b05d6ff (webtiles) character file.

Game seed: 9836653122512107836

3959 xian the Slicer (level 10, -4/74 HPs)
             Began as a Demonspawn Abyssal Knight on Aug 15, 2022.
             Was a High Priest of Lugonu.
             Slain by an orc warrior
             ... wielding a +0 broad axe
              (17 damage)
             ... in a bailey.
             The game lasted 00:19:45 (6702 turns).

xian the Slicer (Demonspawn Abyssal Knight)         Turns: 6702, Time: 00:19:46

Health: -4/74      AC: 11    Str: 23    XL:     10   Next: 2%
Magic:  24/24      EV:  8    Int: 19    God:    Lugonu [*****.]
Gold:   392        SH:  8    Dex: 13    Spells: 16/16 levels left

rFire   x . .      SeeInvis .   m - +10 dagger "Dawueff" {freeze, *Rage rF- MP+9 Str+6}
rCold   . . .      Faith    .   i - +0 buckler
rNeg    . . .      Spirit   .   l - +0 chain mail
rPois   .          Reflect  .   (no helmet)
rElec   .          Harm     .   (no cloak)
rCorr   .          Rampage  .   (no gloves)
Will    .....      Rage     20% u - +0 pair of boots
Stlth   ..........              (no amulet)
HPRegen 0.22/turn               (no ring)
MPRegen 0.19/turn               (no ring)

@: on berserk cooldown
A: claws 1, big brain 3, condensation shield
a: Renounce Religion, Depart the Abyss, Bend Space, Banish, Corrupt, Enter the
Abyss


You were in a bailey.
You worshipped Lugonu.
Lugonu was extremely pleased with you.
You visited 1 branch of the dungeon, and saw 7 of its levels.
You visited the Abyss 1 time.
You also visited: Bailey.

You collected 392 gold pieces.

Inventory:

Hand Weapons
 c - a +1 hand axe of flaming
 m - the +10 dagger "Dawueff" (weapon) {freeze, *Rage rF- MP+9 Str+6}
   (You found it on level 3 of the Dungeon)

   It freezes those it strikes, dealing additional cold damage.
   It can also slow down cold-blooded creatures.
   Str:       It affects your strength (+6).
   rF:        It makes you vulnerable to fire.
   MP:        It affects your magic capacity (+9).
   *Rage:     It berserks you when you make melee attacks (+20% chance).
Missiles
 p - 10 poisoned darts
 y - 6 javelins (quivered)
Armour
 i - a +0 buckler (worn)
 l - a +0 chain mail (worn)
 u - a +0 pair of boots (worn)
 B - +0 acid dragon scales
Wands
 q - a wand of digging (6)
 z - a wand of flame (12)
Scrolls
 a - 4 scrolls of vulnerability
 d - a scroll of summoning
 e - 3 scrolls of torment {unknown}
 g - 3 scrolls of teleportation {unknown}
 h - 3 scrolls of noise {unknown}
 k - 2 scrolls of enchant armour {unknown}
 s - a scroll of immolation {unknown}
 v - a scroll of enchant weapon {unknown}
 x - 2 scrolls of blinking {unknown}
Potions
 b - 6 potions of flight
 f - a potion of lignification {unknown}
 j - a potion of invisibility {unknown}
 n - a potion of mutation {unknown}
 o - 4 potions of curing
 r - a potion of attraction {unknown}
 t - a potion of berserk rage {unknown}
 w - a potion of might {unknown}
 A - 2 potions of haste {unknown}


   Skills:
 + Level 5.3 Fighting
 * Level 8.3 Short Blades
 - Level 2.2 Axes
 + Level 6.1 Armour
 + Level 2.1 Dodging
 * Level 5.6 Stealth
 * Level 1.5 Shields
 * Level 3.7 Spellcasting
 - Level 2.4 Invocations


You had 16 spell levels left.
You didn't know any spells.
Your spell library contained the following spells:

 Spells                   Type           Power      Damage    Failure   Level
 Magic Dart               Conj           12%        1d3       45%         1
 Searing Ray              Conj           6%         2d4       58%         2
 Dazzling Flash           Conj/Hex       6%         N/A       80%         3
 Fulminant Prism          Conj/Hex       1%         3d6       99%         4
 Iskenderun's Mystic Bla  Conj/Tloc      3%         2d3       99%         4
 Starburst                Conj/Fire      1%         6d3       100%        6


Dungeon Overview and Level Annotations

Branches:
Dungeon (7/15)             Temple (0/1) D:7          Bailey (1/1)

Altars:
Ashenzari
Fedhas
Makhleb
Sif Muna
Uskayaw


Innate Abilities, Weirdness & Mutations

You have sharp fingernails.
You have an absolutely massive brain. (Int +6, Wiz)
A meltable shield of frost defends you. (SH +4)


Message History

A red film seems to cover your vision as you go berserk!
You feel yourself moving faster!
You feel mighty!
You puncture the kobold! You freeze the kobold.
You kill the kobold!
Lugonu accepts your kill.
You hear a splash.
The kobold throws a boomerang.
You block the boomerang.
Things that are here:
2 boomerangs; a kobold corpse You feel a strong urge to attack something.
Things that are here:
a +0 leather armour; a +0 hand axe You feel your anger nearly subside.
You are no longer berserk.
You are exhausted.
You feel yourself slow down.
You see here 3 boomerangs.
You start resting.
An orc warrior is nearby!
The orc warrior shouts!
Items here: ))) [[[ †.
The orc warrior attacks as you move away!
The orc warrior hits you with a +0 broad axe!
The orc warrior closely misses you.
You closely miss the orc warrior. You block the orc warrior's attack.
You closely miss the orc warrior.
The orc warrior hits you with a +0 broad axe.
* * * LOW HITPOINT WARNING * * *
You barely miss the orc warrior.
The orc warrior hits you with a +0 broad axe!
* * * LOW HITPOINT WARNING * * *
You barely miss the orc warrior. You barely miss the orc warrior.
You block the orc warrior's attack.
You hit the orc warrior but do no damage.
You feel yourself speed up.
The orc warrior hits you but does no damage.
Unknown command.
You feel better.
The orc warrior hits you with a +0 broad axe!
You die...

≈≈≈≈≈≈........###
≈≈≈≈≈≈≈≈≈.......##
######≈≈≈≈.......##
.oog.#K≈≈≈≈≈≈[....###
.o...####.~≈(≈≈≈≈≈≈≈#
#'####..#...[.≈≈≈≈≈≈≈≈#
....###......######
##o.' #.....###
#..###([..o@.##
#.o#....⌠.....#
##'#.........##
######..[[.......##
........[.....####
#.#############


You could see an orc warrior.

Vanquished Creatures
  A two-headed ogre (D:5)
  Joseph (D:7)
  Maggie (D:7)
  Sigmund (D:5)
  Menkaure (D:4)
  Edmund (D:6)
  6 orc warriors
  An ice beast (D:7)
  An ogre (D:4)
  A centaur (D:5)
  2 phantoms (D:5)
  A kobold brigand (D:6)
  5 scorpions
  3 jellies
  A howler monkey (D:4)
  7 orc priests
  4 hounds
  A gnoll bouda (D:6)
  4 iguanas
  4 orc wizards
  7 gnolls
  8 adders
  2 shadow imps
  2 ufetubi
  2 worms
  3 dart slugs
  24 orcs
  8 ball pythons
  6 bats
  5 endoplasms
  2 giant cockroaches
  11 goblins
  4 hobgoblins
  3 jackals (D:1)
  16 kobolds
  3 quokkas
  5 frilled lizards
  5 rats
163 creatures vanquished.

Notes
Turn   | Place    | Note
-------+----------+-------------------------------------------
     0 | Abyss:1  | xian the Demonspawn Abyssal Knight began the quest for the
                  | Orb.
     0 | Abyss:1  | Reached XP level 1. HP: 18/18 MP: 2/2
     1 | D:1      | Escaped the Abyss
   260 | D:1      | Gained mutation: You have an unusually large brain. (Int
                  | +2) [demonic ancestry]
   260 | D:1      | Reached XP level 2. HP: 18/24 MP: 3/3
   380 | D:1      | Reached skill level 1 in Dodging
  1062 | D:2      | Gained mutation: You have sharp fingernails. [demonic
                  | ancestry]
  1062 | D:2      | Reached XP level 3. HP: 25/29 MP: 4/4
  1252 | D:2      | Reached *** piety under Lugonu
  1868 | D:3      | Identified the +10 dagger "Dawueff" {freeze, *Rage rF- MP+9
                  | Str+6}
  2153 | D:3      | Found a hide-covered altar of Uskayaw.
  2157 | D:3      | Reached XP level 4. HP: 37/37 MP: 5/5
  2163 | D:3      | Found a burning altar of Makhleb.
  2166 | D:3      | Found a blossoming altar of Fedhas.
  2232 | D:3      | Found a faded altar of an unknown god.
  2510 | D:4      | Reached skill level 1 in Short Blades
  2510 | D:4      | Reached skill level 1 in Stealth
  2553 | D:4      | Reached XP level 5. HP: 42/42 MP: 6/6
  2736 | D:4      | Reached skill level 2 in Short Blades
  2803 | D:4      | Reached **** piety under Lugonu
  2942 | D:4      | Found a shimmering blue altar of Sif Muna.
  2950 | D:4      | Noticed an ogre
  2955 | D:4      | Reached XP level 6. HP: 22/48 MP: 7/7
  2964 | D:4      | Reached skill level 3 in Short Blades
  3686 | D:5      | Entered Level 5 of the Dungeon
  3692 | D:5      | Gained mutation: You have an extremely huge brain. (Int +4)
                  | [demonic ancestry]
  3692 | D:5      | Reached XP level 7. HP: 54/54 MP: 8/8
  3695 | D:5      | Reached skill level 4 in Short Blades
  3695 | D:5      | Noticed Menkaure
  3714 | D:4      | HP: 1/54 [Menkaure (3)]
  3726 | D:4      | Killed Menkaure
  4096 | D:5      | Reached skill level 5 in Short Blades
  4216 | D:5      | Noticed a two-headed ogre
  4227 | D:5      | Killed a two-headed ogre
  4228 | D:5      | Reached skill level 6 in Short Blades
  4228 | D:5      | Gained mutation: A meltable shield of frost defends you.
                  | (SH +4) [demonic ancestry]
  4228 | D:5      | Reached XP level 8. HP: 13/61 MP: 9/9
  4680 | D:5      | Reached skill level 1 in Spellcasting
  4793 | D:5      | Noticed Sigmund
  4799 | D:5      | Killed Sigmund
  4800 | D:5      | Reached skill level 7 in Short Blades
  5195 | D:6      | Gained mutation: You have an absolutely massive brain. (Int
                  | +6, Wiz) [demonic ancestry]
  5195 | D:6      | Reached XP level 9. HP: 58/66 MP: 11/11
  5472 | D:6      | Noticed Edmund
  5487 | D:6      | Killed Edmund
  5487 | D:6      | Reached ***** piety under Lugonu
  5488 | D:6      | Reached skill level 5 in Armour
  5676 | D:6      | Found a broken altar of Ashenzari.
  6181 | D:7      | Noticed Joseph
  6195 | D:7      | Killed Joseph
  6196 | D:7      | Reached skill level 5 in Fighting
  6196 | D:7      | Reached skill level 5 in Stealth
  6261 | D:7      | Noticed Maggie
  6271 | D:7      | Reached skill level 1 in Shields
  6284 | D:7      | Killed Maggie
  6285 | D:7      | Reached skill level 8 in Short Blades
  6347 | D:7      | Found a flagged portal.
  6356 | Bailey   | Entered a bailey
  6642 | Bailey   | Reached XP level 10. HP: 30/74 MP: 15/15
  6702 | Bailey   | Slain by an orc warrior

Illustrated notes

Levels and vault maps discovered:
D:1:      kennysheep_arrival_forest, layout_basic, grunt_decor_fettered,
          nicolae_figureground_pulse
D:2:      layout_basic, minmay_pentomino_p4
D:3:      layout_basic, grunt_temple_overflow_open, basic_ecumenical_altar,
          minmay_distorted
D:4:      layout_loops_corners, mainiacjoe_overflow_chevrons
D:5:      layout_loops_ring, uniq_sigmund, uniq_menkaure
D:6:      layout_basic, evilmike_ruin_ashenzari, uniq_edmund
D:7:      minmay_octagon_keep, layout_rooms, minmay_temple_entry_proselytizer,
          enter_bailey_2, serial_glass, glass_columns_c, glass_columns_c,
          uniq_joseph, uniq_maggie
Bailey:   bailey_axe_4, bailey

Skill      XL: |  1  2  3  4  5  6  7  8  9 |
---------------+----------------------------+-----
Armour         | 2 3 4 6 |  6.1
Dodging        | 1 2 |  2.1
Axes           | 2 |  2.2
Short Blades   | 1 2 3 6 7 8 |  8.3
Stealth        | 1 2 3 4 5 |  5.6
Fighting       | 4 5 |  5.3
Spellcasting   | 1 3 |  3.7
Shields        | 1 |  1.5
Invocations    | |  2.4

Action                   |  1- 3 |  4- 6 |  7- 9 | 10-12 || total
-------------------------+-------+-------+-------+-------++-------
Melee: Hand axe          |    87 |       |       |       ||    87
       Dagger            |    12 |    77 |   253 |    13 ||   355
  Use: Potion            |     1 |       |     2 |     1 ||     4
       Scroll            |       |       |     7 |       ||     7
Armor: Leather armour    |    26 |       |       |       ||    26
       Chain mail        |    13 |    39 |    82 |     6 ||   140
Dodge: Dodged            |    65 |    26 |    83 |     2 ||   176
Block: Other             |       |       |    13 |       ||    13
       Buckler           |       |       |    26 |     3 ||    29

Table legend: (Time is in decaauts)
 A = Elapsed time spent in this place.
 B = Non-inter-level travel time spent in this place.
 C = Inter-level travel time spent in this place.
 D = Time resting spent in this place.
 E = Time spent auto-exploring this place.
 F = Levels seen in this place.
 G = Mean time per level.
                   A        B        C        D        E       F      G
               +--------+--------+--------+--------+--------+-----+--------+
         Total |   6867 |   6711 |    156 |    428 |   4531 |   9 |  763.0 |
       Dungeon |   6505 |   6349 |    156 |    265 |   4475 |   7 |  929.3 |
         Abyss |      1 |      1 |      0 |      0 |      0 |   1 |    1.0 |
        Bailey |    361 |    361 |      0 |    163 |     56 |   1 |  361.0 |
               +--------+--------+--------+--------+--------+-----+--------+

Top non-repeatable levels by time:
     D:4: 1661 daAuts
     D:5: 1191 daAuts
     D:6: 1065 daAuts
     D:1: 983 daAuts
     D:2: 882 daAuts
     D:3: 536 daAuts
  Bailey: 361 daAuts
     D:7: 184 daAuts
 Abyss:1: 1 daAuts
